 Dungeon Crawl Stone Soup version 0.19.5 (webtiles) character file.

1487 McKennaii the Gusty (level 8, 0/48 HPs)
             Began as a High Elf Air Elementalist on Apr 20, 2017.
             Was a Believer of Sif Muna.
             Slain by a wight
             ... wielding a +0 war axe
              (7 damage)
             ... on level 5 of the Dungeon.
             The game lasted 00:18:42 (5069 turns).

McKennaii the Gusty (High Elf Air Elementalist)     Turns: 5069, Time: 00:18:44

Health: 0/48       AC:  6    Str:  6 (7)  XL:     8   Next: 50%
Magic:  8/18       EV: 13    Int: 21 (22) God:    Sif Muna [**....]
Gold:   260        SH:  0    Dex: 12 (15) Spells: 4 memorised, 9 levels left

rFire  . . .     SeeInvis .     v - staff of wizardry
rCold  . . .     Gourm    +     a - +1 robe
rNeg   . . .     Faith    .     (no shield)
rPois  .         Spirit   .     (no helmet)
rElec  .         Reflect  .     (no cloak)
rCorr  .         Harm     .     q - +2 pair of gloves
MR     +....                    (no boots)
Stlth  ++........               h - amulet of the gourmand
                                (no ring)
                                o - ring of protection from magic

@: repel missiles, drained
A: no striking features
a: Divine Energy, Renounce Religion


You were on level 5 of the Dungeon.
You worshipped Sif Muna.
Sif Muna was pleased with you.
You were not hungry.

You visited 2 branches of the dungeon, and saw 7 of its levels.

You collected 260 gold pieces.

Inventory:

Hand Weapons
 r - a +0 falchion
Armour
 a - a +1 robe (worn)
 q - a +2 pair of gloves (worn)
Magical Staves
 v - an uncursed staff of wizardry (weapon)
Jewellery
 h - an amulet of the gourmand (around neck)
 o - a ring of protection from magic (left hand)
Wands
 x - a wand of polymorph (9/24)
Scrolls
 e - 2 scrolls of amnesia
 i - 2 scrolls of enchant armour
 j - 5 scrolls of identify
 m - a scroll of noise {unknown}
 n - 2 scrolls of remove curse
 s - 2 scrolls of enchant weapon {unknown}
 u - a scroll of fog {unknown}
 y - a scroll of teleportation {unknown}
Potions
 g - 3 potions of flight
 k - 3 potions of curing
 l - a potion of degeneration
 p - 3 potions of cure mutation {unknown}
 t - a potion of mutation {unknown}
 w - a potion of magic {unknown}
 z - a potion of haste {unknown}
 B - a potion of heal wounds {unknown}
 C - a potion of agility {unknown}
 D - 2 potions of brilliance {unknown}
Books
 b - a book of Air

   Spells                             Type                      Level
   a - Shock                          Conjuration/Air              1
   b - Swiftness                      Charms/Air                   2
   c - Repel Missiles                 Charms/Air                   2
   d - Static Discharge               Conjuration/Air              3
   e - Lightning Bolt                 Conjuration/Air              5
Comestibles
 c - 6 bread rations
 d - a beef jerky
 f - 2 meat rations


   Skills:
 + Level 1.0(0.8) Fighting
 + Level 1.0(0.8) Long Blades
 + Level 3.8(3.6) Dodging
 + Level 3.4(3.2) Stealth
 + Level 6.4(6.2) Spellcasting
 + Level 6.2(6.0) Conjurations
 + Level 7.7(7.5) Air Magic


You had 9 spell levels left.
You knew the following spells:

 Your Spells              Type           Power        Failure   Level  Hunger
a - Shock                 Conj/Air       ####         1%          1    None
b - Swiftness             Chrm/Air       ###.....     1%          2    None
c - Repel Missiles        Chrm/Air       ###...       1%          2    None
d - Lightning Bolt        Conj/Air       #####.....   9%          5    #####..


Dungeon Overview and Level Annotations

Branches:
Dungeon (6/15)             Temple (1/1) D:5

Altars:
Ashenzari
Cheibriados
Dithmenos
Fedhas
Gozag
Hepliaklqana
Kikubaaqudgha
Makhleb
Nemelex Xobeh
Qazlal
Ru
Sif Muna
Trog
Uskayaw
Vehumet
Xom
Zin
The Shining One


Message History

There is a stone staircase leading down here.
The bullfrog hits you but does no damage. x2
The bullfrog misses you. The bullfrog hits you.
* * * LOW HITPOINT WARNING * * *
The bullfrog barely misses you. The bullfrog hits you.
* * * LOW HITPOINT WARNING * * *
Okay, then.
Okay, then.
It was a potion of curing.
You feel better. The bullfrog misses you. The bullfrog barely misses you.
The wight hits you with a war axe!
* * * LOW HITPOINT WARNING * * *
The bullfrog closely misses you.
It was a potion of degeneration.
There was something very wrong with that liquid.
You feel weakened.
You feel dopey.
You feel clumsy. The bullfrog completely misses you.
The bullfrog hits you but does no damage.
The wight hits you with a war axe!
You die...

### #.## #..#
########## #..#
#........# #..#########
#........###>"...>.....
#....z........###..####
#....F@.......####.####
#.>..F...###...........
########## #.#####.###.
#.#####..###
#.....##....
#.....#####.
#######...).......
#.................
#.#####.[#.#######


You could see 2 bullfrogs and a wight.

Vanquished Creatures
  Sigmund (D:6)
  Duvessa (D:4)
  A phantom (D:6)
  An ice beast (D:6)
  An ogre (D:5)
  Dowan (D:4)
  2 scorpions (D:5)
  2 wights (D:6)
  2 howler monkeys (D:6)
  2 crimson imps (D:6)
  3 orc priests
  2 jellies (D:6)
  2 orc wizards (D:6)
  A bullfrog skeleton (D:5)
  Ijyb (D:2)
  An iguana (D:5)
  2 worker ants
  A hound skeleton (D:6)
  Robin (D:4)
  6 gnolls
  A howler monkey skeleton (D:5)
  2 adders
  5 worms
  3 dart slugs
  2 leopard geckos
  19 orcs
  4 ball pythons
  6 bats
  3 giant cockroaches
  12 goblins
  12 hobgoblins
  5 jackals
  5 kobolds
  2 quokkas
  5 frilled lizards
  A quokka zombie (D:5)
  5 rats
126 creatures vanquished.

Notes
Turn   | Place    | Note
-------+----------+-------------------------------------------
     0 | D:1      | McKennaii the High Elf Air Elementalist began the quest for the Orb.
     0 | D:1      | Reached XP level 1. HP: 11/11 MP: 4/4
   335 | D:1      | Reached skill level 4 in Air Magic
   335 | D:1      | Reached XP level 2. HP: 15/17 MP: 3/6
   894 | D:2      | Noticed Ijyb
  1062 | D:2      | Reached XP level 3. HP: 21/21 MP: 3/7
  1380 | D:2      | Reached XP level 4. HP: 4/27 MP: 0/9
  1673 | D:2      | Killed Ijyb
  1803 | D:3      | Reached XP level 5. HP: 31/31 MP: 0/11
  1956 | D:3      | Found a faded altar of an unknown god.
  2234 | D:3      | You fall through a shaft for 2 floors!
  2234 | D:5      | Entered Level 5 of the Dungeon
  2274 | D:5      | Reached skill level 5 in Air Magic
  2428 | D:5      | Found a staircase to the Ecumenical Temple.
  2437 | Temple   | Entered the Ecumenical Temple
  2527 | Temple   | Became a worshipper of Sif Muna the Loreminder
  2645 | D:5      | Noticed an ogre
  2654 | D:5      | Reached XP level 6. HP: 20/37 MP: 2/13
  2816 | D:5      | Found a bloodstained altar of Trog.
  3022 | D:3      | Reached skill level 1 in Long Blades
  3063 | D:3      | Reached XP level 7. HP: 42/42 MP: 5/15
  3066 | D:3      | Reached skill level 6 in Air Magic
  3406 | D:4      | Noticed Robin
  3410 | D:4      | Killed Robin
  3420 | D:4      | Learned a level 2 spell: Swiftness
  3423 | D:4      | Learned a level 2 spell: Repel Missiles
  3430 | D:4      | Learned a level 5 spell: Lightning Bolt
  3510 | D:4      | Found a shattered altar of Ashenzari.
  3652 | D:4      | Reached * piety under Sif Muna
  3692 | D:4      | Noticed Dowan
  3695 | D:4      | Noticed Duvessa
  3701 | D:4      | Killed Dowan
  3701 | D:4      | Reached skill level 5 in Spellcasting
  3708 | D:4      | Killed Duvessa
  4497 | D:6      | Reached skill level 5 in Conjurations
  4545 | D:6      | Noticed Sigmund
  4552 | D:6      | Killed Sigmund
  4552 | D:6      | Reached XP level 8. HP: 41/47 MP: 3/18
  4584 | D:6      | Reached skill level 7 in Air Magic
  4767 | D:6      | Reached ** piety under Sif Muna
  4767 | D:6      | Reached skill level 1 in Fighting
  5069 | D:5      | Slain by a wight

Skill      XL: |  1  2  3  4  5  6  7  8 |
---------------+-------------------------+-----
Air Magic      | 4 5 6 7 |  7.7
Conjurations   | 2 3 4 5 6 |  6.2
Spellcasting   | 3 4 6 |  6.4
Dodging        | 3 |  3.8
Long Blades    | 1 |  1.0
Stealth        | 3 |  3.4
Fighting       | 1 |  1.0

Action                   |  1- 3 |  4- 6 |  7- 9 || total
-------------------------+-------+-------+-------++-------
Melee: Unarmed           |     9 |     9 |       ||    18
       Falchion          |       |     7 |       ||     7
 Cast: Shock             |    72 |   130 |   179 ||   381
       Repel Missiles    |       |       |     1 ||     1
  Use: Scroll            |     3 |       |     2 ||     5
       Potion            |       |       |     2 ||     2
  Eat: Meat ration       |     1 |       |       ||     1
       Bread ration      |       |     1 |       ||     1
       Pizza             |       |       |     2 ||     2
       Fruit             |       |       |     2 ||     2
Armor: Robe              |     2 |     8 |    13 ||    23
Dodge: Dodged            |    13 |    49 |    32 ||    94
       Deflected         |       |       |     1 ||     1
       Rpst.: Falchion   |       |    10 |     1 ||    11
